 Dungeon Crawl Stone Soup version 0.17.2 (webtiles) character file.

63928 Nekros the Unseen (level 14, -1/53 HPs)
             Began as a Spriggan Enchanter on May 31, 2016.
             Was the Champion of Nemelex Xobeh.
             Slain by a giant leech (16 damage)
             ... on level 8 of the Lair of Beasts on June 2, 2016.
             The game lasted 03:25:17 (31110 turns).

Nekros the Unseen (Spriggan Enchanter)             Turns: 31110, Time: 03:25:18

Health: -1/53      AC:  6    Str:  6    XL:     14   Next: 69%
Magic:  0/31       EV: 32    Int: 18    God:    Nemelex Xobeh [******]
Gold:   1286       SH:  0    Dex: 20    Spells: 6 memorised, 20 levels left

rFire  + . .     SeeInvis +     x - +0 dagger (venom)
rCold  + . .     Clarity  .     U - +2 robe {rC+}
rNeg   . . .     SustAt   .     (shield restricted)
rPois  .         Gourm    .     V - +1 hat
rElec  .         Spirit   +     S - +0 cloak
rCorr  .         Warding  .     (gloves unavailable)
rMut   .         Stasis   .     (boots unavailable)
MR     ++...                    e - amulet of guardian spirit
Stlth  ++++++++++               t - ring of wizardry
                                B - ring of stealth

@: especially stealthy, darkness, very slightly contaminated, very quick, very
resistant to hostile enchantments, uncannily stealthy
A: unfitting armour, see invisible, fire resistance 1, herbivore 3, speed 3,
frail 1, slow metabolism 2, spit poison 1, strong 1
a: Spit Poison, Triple Draw, Deal Four, Stack Five, Renounce Religion


You were on level 8 of the Lair of Beasts.
You worshipped Nemelex Xobeh.
Nemelex Xobeh was exalted by your worship.
You were not hungry.

You visited 3 branches of the dungeon, and saw 22 of its levels.

You collected 1328 gold pieces.
You spent 42 gold pieces at shops.

Inventory:

Hand Weapons
 x - a +0 dagger of venom (weapon)
 F - a +2 longbow of flaming
 O - the +9 long sword "Juseneq" {slice, Int+5}
   (You found it on level 7 of the Dungeon)

   It inflicts extra damage upon your enemies.
   It affects your intelligence (+5).
 X - a +0 arbalest
 Z - a +1 dagger of chaos
Missiles
 a - 60 poisoned arrows
 i - 12 silver bolts
 k - 104 bolts
 n - 318 arrows
 K - 12 arrows of dispersal
 Q - 8 arrows of flame
Armour
 S - a +0 cloak (worn)
 U - a +2 robe of cold resistance (worn)
 V - a +1 hat (worn)
Jewellery
 e - an amulet of guardian spirit (around neck)
 t - a ring of wizardry (right hand)
 u - an uncursed ring of poison resistance
 B - a ring of stealth (left hand)
Wands
 M - a wand of polymorph (8)
Scrolls
 g - 13 scrolls of identify
 h - 7 scrolls of magic mapping
 j - 6 scrolls of teleportation
 l - 2 scrolls of enchant weapon
 o - 2 scrolls of amnesia
 p - 8 scrolls of enchant armour
 v - 2 scrolls of blinking
 N - 3 scrolls of remove curse
 W - a scroll of immolation {unknown}
Potions
 f - 4 potions of cancellation
 m - 3 potions of agility
 q - 2 potions of invisibility
 z - 2 potions of brilliance
 G - 4 potions of might
 H - a potion of flight {unknown}
Books
 b - a book of Enchantments

   Spells                             Type                      Level
   a - Cause Fear                     Hexes                        4
   b - Silence                        Hexes/Air                    5
   c - Deflect Missiles               Charms/Air                   6
   d - Haste                          Charms                       6
   e - Discord                        Hexes                        8
 c - a book of Maledictions

   Spells                             Type                      Level
   a - Corona                         Hexes                        1
   b - Ensorcelled Hibernation        Hexes/Ice                    2
   c - Confuse                        Hexes                        3
   d - Tukima's Dance                 Hexes                        3
   e - Dazzling Spray                 Conjuration/Hexes            3
 r - a book of Unlife

   Spells                             Type                      Level
   a - Recall                         Summoning/Translocation      3
   b - Animate Dead                   Necromancy                   4
   c - Control Undead                 Necromancy                   4
   d - Cigotuvi's Embrace             Necromancy                   5
   e - Death Channel                  Necromancy                   6
   f - Simulacrum                     Ice/Necromancy               6
 s - a book of the Sky

   Spells                             Type                      Level
   a - Summon Lightning Spire         Summoning/Air                4
   b - Airstrike                      Air                          4
   c - Silence                        Hexes/Air                    5
   d - Deflect Missiles               Charms/Air                   6
   e - Conjure Ball Lightning         Conjuration/Air              6
   f - Tornado                        Air                          9
 L - a book of Minor Magic

   Spells                             Type                      Level
   a - Magic Dart                     Conjuration                  1
   b - Blink                          Translocation                2
   c - Call Imp                       Summoning                    2
   d - Repel Missiles                 Charms/Air                   2
   e - Slow                           Hexes                        2
   f - Conjure Flame                  Conjuration/Fire             3
   g - Mephitic Cloud                 Conjuration/Poison/Air       3
 R - a book of Envenomations

   Spells                             Type                      Level
   a - Spider Form                    Transmutation/Poison         3
   b - Alistair's Intoxication        Transmutation/Poison         4
   c - Olgreb's Toxic Radiance        Poison                       4
   d - Poisonous Cloud                Conjuration/Poison/Air       6
 T - a book of Annihilations

   Spells                             Type                      Level
   a - Poison Arrow                   Conjuration/Poison           6
   b - Chain Lightning                Conjuration/Air              8
   c - Lehudib's Crystal Spear        Conjuration/Earth            8
   d - Glaciate                       Conjuration/Ice              9
   e - Fire Storm                     Conjuration/Fire             9
 Y - a book of Ice

   Spells                             Type                      Level
   a - Ice Form                       Ice/Transmutation            4
   b - Metabolic Englaciation         Hexes/Ice                    5
   c - Ozocubu's Refrigeration        Ice                          6
   d - Bolt of Cold                   Conjuration/Ice              6
   e - Freezing Cloud                 Conjuration/Ice/Air          6
   f - Simulacrum                     Ice/Necromancy               6
Miscellaneous
 d - a legendary deck of destruction
 w - a legendary deck of summoning
 D - a legendary deck of war {drawn: 5}
 I - a legendary deck of war {drawn: 1}
 J - a legendary deck of escape
 P - a legendary deck of destruction
Comestibles
 y - 28 fruits
 A - 9 bread rations
 E - 8 slices of pizza


   Skills:
 - Level 9.0(9.6) Short Blades
 - Level 4.0(5.9) Long Blades
 - Level 14.0 Dodging
 + Level 17.0 Stealth
 - Level 12.0 Spellcasting
 - Level 6.4 Conjurations
 - Level 10.5 Hexes
 - Level 8.2 Transmutations
 - Level 13.3 Evocations


You had 20 spell levels left.
You knew the following spells:

 Your Spells              Type           Power        Failure   Level  Hunger
a - Blink                 Tloc           N/A          4%          2    None
b - Confuse               Hex            #####...     1%          3    None
c - Ensorcelled Hibernat  Hex/Ice        ####..       1%          2    None
d - Spider Form           Trmt/Pois      ####......   1%          3    None
e - Conjure Flame         Conj/Fire      ###.....     2%          3    None
f - Animate Dead          Necr           N/A          34%         4    ##.....


Dungeon Overview and Level Annotations

Branches:
Dungeon (13/15)            Temple (1/1) D:7            Lair (8/8) D:10
 Shoals (0/4) Lair:5       Spider (0/4) Lair:4        Slime (0/6) Lair:6
    Orc (0/4) D:12
 Vaults: D:13-14

Altars:
Ashenzari
Cheibriados
Dithmenos
Elyvilon
Fedhas
Gozag
Kikubaaqudgha
Makhleb
Nemelex Xobeh
Okawaru
Qazlal
Ru
Sif Muna
Trog
Vehumet
Xom
Yredelemnul
Zin
The Shining One
Jiyva

Shops:
D:5 [   D:11 (

Annotations:
D:9 exclusion: statue


Innate Abilities, Weirdness & Mutations

You are tiny and cannot use many weapons and most armour.
You have supernaturally acute eyesight.
You are a herbivore.
You cover ground extremely quickly.
You need consume almost no food.
Your flesh is heat resistant.
You are frail (-10% HP).
You can spit weak poison.
Your muscles are strong. (Str +2)


Message History

2 vampire mosquitoes come into view.
Casting: Blink
Confirm with . or Enter, or press ? or * to list all spells.
You miscast Blink.
You are very lightly contaminated with residual magic.
Strange energies run through your body. The giant frog completely misses you.
The blink frog barely misses you.
The blink frog blinks!
The giant frog is engulfed in a cloud of scalding steam.
Your ice dragon completely misses the blink frog.
Your ice dragon claws the blink frog!
Your ice dragon tramples the blink frog!
The blink frog holds its ground!
The giant frog completely misses you.
The blink frog hits your iron golem but does no damage.
The giant frog hits your ice dragon but does no damage.
The giant frog hits you.
* * * LOW HITPOINT WARNING * * *
The giant frog completely misses you.
The blink frog blinks!
The giant leech bites you!
You die...
Your body glows with a rainbow of weird colours and disappears.

##.≈.≈..P
##.F..P≈≈≈
#.F†≈P.≈P≈
##§§..≈P.≈
##§F§..≈≈≈≈
#.N8§FF≈.≈y
#..F.FD≈≈≈.
#§FwFF≈†≈≈≈
.#.@.F≈y≈≈≈
#...FFy;≈≈≈≈
##P...≈.≈≈P≈
......≈≈≈≈
##.#P..P≈≈≈
##....≈≈≈.


You could see a giant leech, 3 blink frogs, 2 vampire mosquitoes, 8 giant frogs,
an electric eel, a friendly iron golem, a friendly salamander firebrand and a
friendly ice dragon.

Vanquished Creatures
  Maud (D:13)
  Nessos (Lair:6)
  An ettin (D:13)
  A deep elf high priest (D:13)
  A fire dragon (D:12)
  A yaktaur captain (D:13)
  6 hydras
  Erolcha (D:8)
  3 centaur warriors (D:13)
  A death yak (Lair:4)
  An unseen horror (D:11)
  5 ugly things
  4 hill giants
  A griffon (Lair:7)
  A lindwurm (Lair:7)
  A griffon (shapeshifter) (D:13)
  2 manticores
  2 cyclopes
  8 elephants
  3 black mambas
  A siren (Lair:5)
  Psyche (D:10)
  A komodo dragon (shapeshifter) (D:12)
  A molten gargoyle (Lair:6)
  3 gargoyles
  7 spiny frogs
  4 komodo dragons
  An efreet (D:13)
  A fire drake (shapeshifter) (D:13)
  2 fire drakes
  A jumping spider (Lair:4)
  A tengu conjurer (D:13)
  A polar bear (Lair:6)
  6 trolls
  A raiju (Lair:6)
  28 blink frogs
  A boulder beetle (Lair:7)
  2 two-headed ogres
  A trapdoor spider (D:13)
  A wyvern (Lair:6)
  A fire elemental (Lair:2)
  2 basilisks
  A shadow (D:11)
  2 deep elf magi
  2 fire bats (Lair:2)
  31 yaks
  Grum (D:9)
  A deep elf fighter (D:10)
  2 hungry ghosts
  4 vampire mosquitoes
  A human (D:7)
  4 hippogriffs
  A soldier ant (D:13)
  19 water moccasins
  21 wolves
  4 porcupines
  2 phantoms
  An ice beast (D:9)
  2 sky beasts
  3 spiders (Lair:4)
  2 eyes of draining
  2 black bears (D:7)
  7 orc warriors
  5 ogres
  7 centaurs
  13 crocodiles
  18 giant frogs
  A gnoll sergeant (D:12)
  8 killer bees
  3 electric eels (Lair:2)
  3 wights (D:10)
  4 crimson imps
  2 centaur zombies
  A jelly (D:10)
  17 orc wizards
  2 giant frog skeletons
  7 hounds
  5 orc priests
  Ijyb (D:3)
  8 iguanas
  12 worker ants
  3 hell rats (Lair:4)
  10 sheep
  2 hound skeletons
  3 gnolls (D:12)
  2 worker ant zombies
  24 adders
  63 river rats
  4 shadow imps
  3 oozes
  An adder skeleton (D:5)
  2 adder zombies
  4 worms
  45 orcs
  3 ball pythons
  20 bats
  6 giant cockroaches
  7 goblins
  10 hobgoblins
  13 jackals
  5 quokkas
  3 giant geckos
  4 giant newts
  3 kobolds
  2 quokka zombies
  12 rats
  5 fungi
  4 plants
606 creatures vanquished.

Vanquished Creatures (collateral kills)
  Gastronok (D:9)
  A sphinx (D:13)
  2 hydras
  A centaur warrior (D:13)
  Nergalle (D:10)
  A deep elf conjurer (D:13)
  An oklob plant (Lair:6)
  3 spiny frogs
  A komodo dragon (Lair:8)
  8 blink frogs
  8 yaks
  A hungry ghost (D:9)
  3 vampire mosquitoes (Lair:8)
  2 water moccasins
  An ice beast (D:6)
  A phantom (D:13)
  A black bear (D:10)
  A crocodile (Lair:8)
  2 giant frogs
  An orc wizard (D:10)
  4 hell rats (Lair:4)
  An iguana (Lair:4)
  8 sheep
  20 river rats
  A bush (Lair:6)
  7 fungi
  10 plants
92 creatures vanquished.

Vanquished Creatures (others)
  A spriggan (Lair:6)
  13 fungi
  5 plants
  21 toadstools
40 creatures vanquished.

Grand Total: 738 creatures vanquished

Notes
Turn   | Place    | Note
--------------------------------------------------------------
     0 | D:1      | Nekros the Spriggan Enchanter began the quest for the Orb.
     0 | D:1      | Reached XP level 1. HP: 9/9 MP: 5/5
   229 | D:1      | Reached skill level 5 in Stealth
   472 | D:1      | Reached XP level 2. HP: 8/13 MP: 6/6
   785 | D:2      | Reached skill level 6 in Stealth
   798 | D:2      | Reached XP level 3. HP: 16/16 MP: 8/8
   834 | D:2      | Found a shimmering altar of Xom.
   834 | D:2      | Found a shimmering altar of Xom.
   835 | D:2      | Found a shimmering altar of Xom.
   835 | D:2      | Found a shimmering altar of Xom.
   835 | D:2      | Found a shimmering altar of Xom.
   837 | D:2      | Found a shimmering altar of Xom.
   838 | D:2      | Found a shimmering altar of Xom.
   838 | D:2      | Found a shimmering altar of Xom.
   894 | D:2      | Reached skill level 7 in Stealth
  1079 | D:2      | Found an iron altar of Okawaru.
  1277 | D:2      | Reached XP level 4. HP: 21/21 MP: 9/9
  1653 | D:1      | Reached skill level 8 in Stealth
  2595 | D:1      | Learned a level 3 spell: Confuse
  2599 | D:1      | Learned a level 2 spell: Ensorcelled Hibernation
  2871 | D:3      | Reached XP level 5. HP: 24/24 MP: 2/10
  3247 | D:3      | Reached skill level 9 in Stealth
  3587 | D:3      | Noticed Ijyb
  3594 | D:3      | Killed Ijyb
  3964 | D:3      | Reached skill level 5 in Dodging
  4027 | D:3      | Reached XP level 6. HP: 21/28 MP: 11/11
  5418 | D:4      | Reached XP level 7. HP: 25/32 MP: 5/12
  5483 | D:4      | Noticed an angel
  5485 | D:4      | Found a glowing silver altar of Zin.
  5522 | D:4      | Found a sparkling altar of Nemelex Xobeh.
  5529 | D:4      | Became a worshipper of Nemelex Xobeh the Trickster
  5657 | D:5      | Entered Level 5 of the Dungeon
  5934 | D:5      | Received a gift from Nemelex Xobeh
  6026 | D:5      | Found a shattered altar of Ashenzari.
  6110 | D:5      | Found Deruggutz's Armour Shoppe.
  6316 | D:5      | Reached skill level 1 in Evocations
  7248 | D:6      | Received a gift from Nemelex Xobeh
  7556 | D:6      | Reached XP level 8. HP: 10/36 MP: 12/16
  7866 | D:6      | Reached * piety under Nemelex Xobeh
  7896 | D:6      | Reached skill level 5 in Spellcasting
  8133 | D:6      | Reached skill level 5 in Evocations
  8462 | D:6      | Received a gift from Nemelex Xobeh
  8621 | D:6      | Found a sacrificial altar of Ru.
  8777 | D:6      | Found a sparkling altar of Nemelex Xobeh.
  8872 | D:7      | Found a staircase to the Ecumenical Temple.
  8903 | D:7      | Reached ** piety under Nemelex Xobeh
  9461 | D:7      | Found a stormy altar of Qazlal.
  9497 | D:7      | Noticed a troll
  9508 | D:7      | Killed a troll
  9508 | D:7      | Reached XP level 9. HP: 34/39 MP: 15/22
  9522 | D:7      | Found a shadowy altar of Dithmenos.
  9913 | D:7      | Received a gift from Nemelex Xobeh
  9922 | D:7      | Got a crystal long sword
  9923 | D:7      | Identified the +9 long sword "Juseneq" {slice, Int+5} (You found it on level 7 of the Dungeon)
 10043 | D:7      | Noticed a gargoyle
 10106 | D:7      | Killed a gargoyle
 10106 | D:7      | Reached skill level 5 in Hexes
 10565 | Temple   | Entered the Ecumenical Temple
 10908 | D:8      | Reached *** piety under Nemelex Xobeh
 11037 | D:8      | Received a gift from Nemelex Xobeh
 11141 | D:8      | Learned a level 3 spell: Spider Form
 11222 | D:8      | Noticed Erolcha
 11269 | D:8      | Killed Erolcha
 11269 | D:8      | Reached XP level 10. HP: 44/44 MP: 17/23
 11459 | D:8      | Found a snail-covered altar of Cheibriados.
 11478 | D:8      | Reached skill level 1 in Transmutations
 11605 | D:8      | Found a basalt altar of Yredelemnul.
 12058 | D:9      | Noticed Gastronok
 12311 | D:9      | Killed Gastronok
 12311 | D:9      | Reached skill level 5 in Transmutations
 12457 | D:9      | Reached skill level 10 in Stealth
 12688 | D:9      | Noticed Grum
 12712 | D:9      | Killed Grum
 12724 | D:9      | Reached skill level 11 in Stealth
 12943 | D:9      | Found an ancient bone altar of Kikubaaqudgha.
 12943 | D:9      | Received a gift from Nemelex Xobeh
 12945 | D:9      | Found a blossoming altar of Fedhas.
 12989 | D:9      | Reached skill level 12 in Stealth
 13070 | D:9      | Reached skill level 10 in Dodging
 13510 | D:9      | Found a radiant altar of Vehumet.
 13555 | D:10     | Entered Level 10 of the Dungeon
 13724 | D:10     | Noticed a brown ugly thing
 13742 | D:10     | Killed a brown ugly thing
 13761 | D:10     | Reached XP level 11. HP: 47/47 MP: 18/24
 13805 | D:10     | Reached **** piety under Nemelex Xobeh
 13827 | D:10     | Noticed a hill giant
 14329 | D:10     | Noticed Psyche
 14330 | D:10     | Noticed Nergalle
 14341 | D:10     | Killed Psyche
 14729 | D:10     | Reached skill level 5 in Short Blades
 14950 | D:10     | Killed a hill giant
 15032 | D:10     | Found a staircase to the Lair.
 15231 | D:11     | Noticed an unseen horror
 15249 | D:11     | Received a gift from Nemelex Xobeh
 15291 | D:11     | Learned a level 2 spell: Blink
 15299 | D:11     | Learned a level 3 spell: Conjure Flame
 15409 | D:11     | Killed an unseen horror
 15569 | D:11     | Received a gift from Nemelex Xobeh
 15629 | D:11     | Gained mutation: You can spit weak poison. [potion of beneficial mutation]
 16305 | D:11     | Found Datux's Weapon Shoppe.
 16333 | D:11     | Bought a +0 hand crossbow for 42 gold pieces
 16521 | D:11     | Noticed a six-headed hydra
 16776 | D:10     | Killed Nergalle
 16776 | D:10     | Reached skill level 13 in Stealth
 16776 | D:10     | Reached skill level 10 in Evocations
 16911 | D:10     | Killed a six-headed hydra
 16911 | D:10     | Reached XP level 12. HP: 30/51 MP: 6/25
 17212 | D:12     | Received a gift from Nemelex Xobeh
 17466 | D:12     | Found a staircase to the Orcish Mines.
 17587 | D:12     | Reached ***** piety under Nemelex Xobeh
 17606 | D:12     | Received a gift from Nemelex Xobeh
 18021 | D:12     | Noticed a fire dragon
 18026 | D:12     | Killed a fire dragon
 18026 | D:12     | Reached skill level 10 in Spellcasting
 18242 | D:13     | Identified Qedghiec's Collected Works on Arcane Weapons (You found it on level 13 of the Dungeon)
 18344 | D:13     | Noticed Maud
 18352 | D:13     | Killed Maud
 18543 | D:13     | Learned a level 4 spell: Animate Dead
 18668 | D:13     | Noticed a centaur warrior
 18716 | D:13     | Killed a centaur warrior
 18981 | D:13     | Noticed a centaur warrior
 18992 | D:13     | Noticed a sphinx
 18997 | D:13     | Killed a centaur warrior
 18999 | D:13     | Noticed a yaktaur captain
 19001 | D:13     | Noticed a deep elf high priest
 19045 | D:13     | HP: 2/51 [sphinx/divine providence (14)]
 19313 | D:13     | Noticed an ettin
 19318 | D:13     | Killed an ettin
 19371 | D:13     | Received a gift from Nemelex Xobeh
 19438 | D:13     | Noticed a centaur warrior
 19440 | D:13     | Killed a centaur warrior
 19836 | D:13     | Killed a sphinx
 20135 | D:13     | Reached XP level 13. HP: 44/55 MP: 16/30
 20286 | D:13     | Killed a yaktaur captain
 20360 | D:13     | Killed a deep elf high priest
 20453 | D:13     | Noticed a centaur warrior
 20459 | D:13     | Killed a centaur warrior
 20465 | D:13     | HP: 2/55 [gargoyle/stone arrow (25)]
 20741 | D:13     | Reached skill level 14 in Stealth
 21128 | Lair:1   | Entered Level 1 of the Lair of Beasts
 21288 | Lair:1   | Received a gift from Nemelex Xobeh
 21534 | Lair:1   | Received a gift from Nemelex Xobeh
 21682 | Lair:1   | Reached skill level 15 in Stealth
 22019 | Lair:1   | Received a gift from Nemelex Xobeh
 22809 | Lair:2   | Reached skill level 16 in Stealth
 23011 | Lair:2   | Reached skill level 1 in Long Blades
 23019 | Lair:2   | Reached ****** piety under Nemelex Xobeh
 23019 | Lair:2   | Received a gift from Nemelex Xobeh
 24401 | Lair:3   | Received a gift from Nemelex Xobeh
 25698 | Lair:4   | Reached skill level 10 in Hexes
 26078 | Lair:4   | Reached XP level 14. HP: 27/59 MP: 11/31
 26654 | Lair:4   | Found a hole to the Spider Nest.
 27260 | Lair:5   | Received a gift from Nemelex Xobeh
 27288 | Lair:5   | Reached skill level 1 in Conjurations
 27514 | Lair:5   | Found a labyrinth entrance.
 28183 | Lair:5   | Received a gift from Nemelex Xobeh
 28449 | Lair:5   | Found a staircase to the Shoals.
 28658 | Lair:6   | Received a gift from Nemelex Xobeh
 28749 | Lair:6   | Gained mutation: You are frail (-10% HP). [potion of mutation]
 28749 | Lair:6   | Gained mutation: Your muscles are strong. (Str +2) [potion of mutation]
 28749 | Lair:6   | Gained mutation: Your flesh is heat resistant. [potion of mutation]
 28834 | Lair:6   | Found a frozen archway.
 28990 | Lair:6   | Found a viscous altar of Jiyva.
 28990 | Lair:6   | Found a staircase to the Slime Pits.
 29041 | Lair:6   | Noticed Nessos
 29049 | Lair:6   | Killed Nessos
 29049 | Lair:6   | Reached skill level 5 in Conjurations
 29121 | Lair:6   | Found a blossoming altar of Fedhas.
 29291 | Lair:6   | Received a gift from Nemelex Xobeh
 29310 | Lair:6   | Identified a +0 rod of inaccuracy (10/10) (You found it on level 6 of the Lair of Beasts)
 29324 | Lair:6   | Your ally Nessos died
 30484 | Lair:7   | Received a gift from Nemelex Xobeh
 31090 | Lair:8   | Entered Level 8 of the Lair of Beasts
 31109 | Lair:8   | Reached skill level 17 in Stealth
 31110 | Lair:8   | Slain by a giant leech

Action                   |  1- 3 |  4- 6 |  7- 9 | 10-12 | 13-15 || total
-------------------------+-------+-------+-------+-------+-------++-------
Melee: Dagger            |    57 |   273 |   295 |   658 |   508 ||  1791
       Long sword        |       |       |    80 |    12 |   280 ||   372
 Fire: Hunting sling     |    34 |    17 |       |       |       ||    51
       Shortbow          |       |       |    22 |    28 |    21 ||    71
 Cast: Ensorcelled Hiber |       |    42 |    47 |   142 |   197 ||   428
       Corona            |       |     1 |       |       |       ||     1
       Confuse           |       |     6 |    12 |    32 |    27 ||    77
       Spider Form       |       |       |     1 |       |       ||     1
       Blink             |       |       |       |     5 |     6 ||    11
       Conjure Flame     |       |       |       |     7 |       ||     7
       Animate Dead      |       |       |       |     4 |    20 ||    24
 Abil: Spit Poison       |       |       |       |     2 |       ||     2
Evoke: Wand              |       |     4 |       |     1 |       ||     5
       Deck              |       |       |    10 |    29 |    22 ||    61
  Use: Potion            |       |     2 |       |     9 |     9 ||    20
       Scroll            |       |       |       |    14 |     5 ||    19
 Stab: Sleeping          |     8 |    33 |    37 |    93 |   155 ||   326
       Confused          |       |       |    12 |    14 |    15 ||    41
       Distracted        |       |       |     1 |     2 |     7 ||    10
  Eat: Bread ration      |       |     1 |     2 |     2 |     1 ||     6
       Fruit             |       |       |       |       |     3 ||     3
       Royal jelly       |       |       |       |       |     1 ||     1
